 Dungeon Crawl Stone Soup version 0.24.0-124-g2791043dd8 (webtiles) character file.

Game seed: 320356131667549531, levelgen mode: deterministic

82 HawFromDerth the Grave Robber (level 4, -7/24 HPs)
             Began as a Deep Elf Necromancer on Feb 15, 2020.
             Was an Initiate of Vehumet.
             Killed from afar by an orc wizard (8 damage)
             ... with a magic dart
             ... on level 3 of the Dungeon.
             The game lasted 00:10:06 (2496 turns).

HawFromDerth the Grave Robber (DENe)                Turns: 2496, Time: 00:10:07

Health: -7/24      AC:  2    Str:  5    XL:     4   Next: 21%
Magic:  10/12      EV: 13    Int: 24    God:    Vehumet [......]
Gold:   57         SH:  0    Dex: 15    Spells: 4/12 levels left

rFire    . . .     SeeInvis .   d - +0 spear
rCold    . . .     Gourm    .   (no shield)
rNeg     . . .     Faith    .   a - +0 robe
rPois    .         Spirit   .   (no helmet)
rElec    .         Reflect  .   (no cloak)
rCorr    .         Harm     .   (no gloves)
MR       .....                  (no boots)
Stlth    ++........             (no amulet)
HPRegen  0.08/turn              e - ring of stealth
MPRegen  0.13/turn              i - +3 ring of intelligence

@: confused
A: no striking features
a: Renounce Religion


You were on level 3 of the Dungeon.
You worshipped Vehumet.
Vehumet was noncommittal.
You were not hungry.

You visited 1 branch of the dungeon, and saw 3 of its levels.

You collected 57 gold pieces.

Inventory:

Hand Weapons
 d - a +0 spear (weapon)
Armour
 a - a +0 robe (worn)
Jewellery
 e - a ring of stealth (left hand)
 i - a +3 ring of intelligence (right hand)
 p - an uncursed ring of ice {unknown}
Wands
 r - a wand of digging (4)
Scrolls
 b - 2 scrolls of remove curse
 f - a scroll of random uselessness {unknown}
 g - a scroll of identify
 j - a scroll of immolation
 l - a scroll of noise {unknown}
 m - a scroll of fog {unknown}
Potions
 h - 2 potions of curing {unknown}
 k - a potion of cancellation {unknown}
 n - a potion of lignification {unknown}
 o - a potion of heal wounds {unknown}
Comestibles
 c - 3 rations
 q - a chunk of flesh


   Skills:
 + Level 2.6 Dodging
 + Level 2.8 Stealth
 + Level 4.8 Spellcasting
 + Level 5.6 Necromancy


You had 4 spell levels left.
You knew the following spells:

 Your Spells              Type           Power        Failure   Level  Hunger
a - Pain                  Necr           ####         1%          1    None
b - Animate Skeleton      Necr           N/A          1%          1    None
c - Vampiric Draining     Necr           ####......   2%          3    ##.....
d - Regeneration          Chrm/Necr      ###.......   9%          3    ##.....

Your spell library contained the following spells:

 Spells                   Type           Power        Failure   Level  Hunger
 Animate Dead             Necr           N/A          9%          4    ####...


Dungeon Overview and Level Annotations

Branches:
Dungeon (3/15)

Altars:
Vehumet


Message History

Okay, then.
You're too confused to cast spells.
You bump into the rock wall.
You're too confused to move!
The orc wizard gestures at you while chanting.
The magic dart hits you!
* * * LOW HITPOINT WARNING * * *
A goblin comes into view. It is wielding a +0 dagger.
You're too confused to cast spells.
Okay, then.
The orc wizard gestures at you while chanting.
The puff of flame hits you.
* * * LOW HITPOINT WARNING * * *
You're too confused to cast spells.
Okay, then.
You're too confused to cast spells.
You bump into the rock wall.
The orc wizard casts a spell at you. The magic dart hits you!
You die...

##### ###### #....
#####....#
#....#######.....##)#
#..))o..@....######.#
#...)######### ###)##
#.g.. ###....# #....
#.<.#### #.....
#...### ......# #.##
....## # ..##


You could see an orc wizard.

Vanquished Creatures
  3 adders
  An ooze (D:1)
  A worm (D:2)
  A dart slug (D:2)
  A leopard gecko (D:2)
  3 orcs (D:3)
  A giant cockroach (D:1)
  5 goblins
  6 hobgoblins
  3 jackals (D:2)
  4 kobolds
  A quokka (D:2)
  3 bats
  3 frilled lizards
  5 rats
41 creatures vanquished.

Vanquished Creatures (collateral kills)
  A rat (D:1)
1 creature vanquished.

Grand Total: 42 creatures vanquished

Notes
Turn   | Place    | Note
-------+----------+-------------------------------------------
     0 | D:1      | HawFromDerth the Deep Elf Necromancer began the quest for
                  | the Orb.
     0 | D:1      | Reached XP level 1. HP: 10/10 MP: 6/6
    45 | D:1      | Learned a level 1 spell: Animate Skeleton
   329 | D:1      | Reached skill level 5 in Necromancy
   474 | D:1      | Reached XP level 2. HP: 15/15 MP: 6/8
  1326 | D:2      | Reached XP level 3. HP: 18/19 MP: 8/10
  1331 | D:2      | Learned a level 3 spell: Vampiric Draining
  1335 | D:2      | Learned a level 3 spell: Regeneration
  1639 | D:2      | Found a radiant altar of Vehumet.
  2044 | D:2      | Became a worshipper of Vehumet
  2318 | D:3      | Reached XP level 4. HP: 19/24 MP: 3/12
  2495 | D:3      | HP: 1/24 [orc wizard/puff of flame (6)]
  2496 | D:3      | Killed from afar by an orc wizard

Levels and vault maps discovered:
D:1:      tarquinn_simple_flora_water_b, layout_rooms, minmay_misc_feat_square,
          minmay_stone_trees_small, serial_park_tiny_2
D:2:      layout_basic, lemuel_crystal_altar, minmay_close_crescents
D:3:      layout_rooms

Skill      XL: |  1  2  3 |
---------------+----------+-----
Necromancy     | 5 |  5.6
Spellcasting   | 4 |  4.8
Dodging        | |  2.6
Stealth        | |  2.8

Action                   |  1- 3 |  4- 6 || total
-------------------------+-------+-------++-------
Melee: Spear             |     5 |       ||     5
 Cast: Pain              |    58 |     8 ||    66
       Animate Skeleton  |    14 |       ||    14
       Vampiric Draining |     4 |     1 ||     5
  Use: Scroll            |     3 |       ||     3
  Eat: Ration            |     1 |       ||     1
       Chunk             |       |     1 ||     1
Armor: Robe              |     1 |       ||     1
Dodge: Dodged            |    10 |       ||    10
